 Dungeon Crawl Stone Soup version 0.19.1 (webtiles) character file.

3 hairmachine the Insei (level 1, -1/13 HPs)
             Began as an Octopode Transmuter on Dec 16, 2016.
             Slain by a goblin
             ... wielding a +0 club
              (4 damage)
             ... on level 1 of the Dungeon.
             The game lasted 00:00:58 (177 turns).

hairmachine the Insei (Octopode Transmuter)          Turns: 177, Time: 00:00:59

Health: -1/13      AC:  1    Str:  9    XL:     1   Next: 50%
Magic:  2/3        EV: 13    Int: 15    God:
Gold:   33         SH:  0    Dex: 12    Spells: 1 memorised, 3 levels left

rFire  . . .     SeeInvis .       - Unarmed
rCold  . . .     Gourm    .     (no shield)
rNeg   . . .     Faith    .     (helmet restricted)
rPois  .         Spirit   .     (no amulet)
rElec  .         Reflect  .     (no ring)
rCorr  .         Harm     .     (no ring)
MR     .....                    (no ring)
Stlth  ++........               (no ring)
                                (no ring)
                                (no ring)
                                (no ring)
                                (no ring)

@: appendage (expiring)
A: almost no armour, stealthy swim, amphibious, 8 rings, constrict 8, tentacle
spike 3, camouflage 1, gelatinous body 1
a: End Transformation


You were on level 1 of the Dungeon.
You were not hungry.
One of your tentacles had a temporary spike.
You visited 1 branch of the dungeon, and saw 1 of its levels.

You collected 33 gold pieces.


Innate Abilities, Weirdness & Mutations

You cannot wear most types of armour.
You are very stealthy in the water. (Stealth+)
You are amphibious.
You can wear up to eight rings at the same time.
You can use your tentacles to constrict eight enemies at once.
Your skin changes colour to match your surroundings (Stealth+).
Your rubbery body absorbs attacks. (AC +1, EV +1)
One of your tentacles bears a large vicious spike.


   Skills:
 - Level 1.0 Fighting
 - Level 2.0 Dodging
 + Level 3.1 Unarmed Combat
 - Level 2.0 Spellcasting
 + Level 2.1 Transmutations


You had 3 spell levels left.
You knew the following spells:

 Your Spells              Type           Power        Failure   Level  Hunger
a - Beastly Appendage     Tmut           #.....       12%         1    #......

Inventory:

Missiles
 a - 12 arrows
Scrolls
 e - 2 scrolls of enchant weapon {!r, unknown}
 g - a scroll of identify {!r, unknown}
 i - a scroll of recharging {!r, unknown}
 j - 4 scrolls of blinking {!r, unknown}
Potions
 d - a potion of flight {!q, unknown}
Books
 b - a book of Changes

   Spells                             Type                      Level
   a - Beastly Appendage              Transmutation                1
   b - Sticks to Snakes               Transmutation                2
   c - Spider Form                    Transmutation/Poison         3
   d - Ice Form                       Ice/Transmutation            4
   e - Blade Hands                    Transmutation                5
Comestibles
 c - 2 bread rations
 f - a chunk of flesh
 h - a slice of pizza

Dungeon Overview and Level Annotations

Branches:
Dungeon (1/15)

Altars:

..####.###.#g#.#.##.
...... ##.###.#@# .$
...## ##...##.#.# .#
#.#..# #.......#.# #
#.#..# ).......##.#.#
#.##.# #.#..##
..####...#.#.# #.##.#
#.#.... #. #.#.....#
#.##.# #.##.## #
#...#.###
#.##.###.##.#
####..##.#
#.#...##....#
.........#
#......#..###
####.#.#.#
##.......).#
#.....####......(...#
#...................#
#.#.#####...........#
#.#. #...........# #
#. ####.......## #.
##......#


You could see a goblin.


Message History

Choose a target skill level: You open the door.
There is an open door here.
d - a black potion {!q} A frilled lizard comes into view.
Found a scroll labeled YTWUOPLITEO.
Casting: Beastly Appendage
Confirm with . or Enter, or press ? or * to list all spells.
One of your tentacles grows a vicious spike.
You see here 6 gold pieces.
You tentacle-slap the frilled lizard.
You kill the frilled lizard!
No target in view!
You see here a frilled lizard corpse.
You butcher the frilled lizard corpse.
f - a chunk of flesh Your transformation is almost over.
You now have 6 gold pieces.
You start resting.
Magic restored.
Your tentacle spike disappears.
e - a scroll labeled YTWUOPLITEO {!r}
g - a scroll labeled KEBYAH MOSUSO {!r} You now have 19 gold pieces (gained 13).
c - 2 bread rations (gained 1)
h - a slice of pizza You see here 13 bolts.
You now have 27 gold pieces (gained 8).
Found a stone staircase leading down.
i - a scroll labeled QIPSEL CEINOA {!r}
There is a stone staircase leading down here.
There is a stone staircase leading down here.
A kobold comes into view. It is wielding a short sword.
The kobold shouts!
Casting: Beastly Appendage
Confirm with . or Enter, or press ? or * to list all spells.
One of your tentacles grows a vicious spike.
Found 6 gold pieces.
You closely miss the kobold. Your grab misses the kobold.
Your tentacle spike misses the kobold.
The kobold closely misses you.
You barely miss the kobold. You grab the kobold. You squeeze the kobold.
You kill the kobold!
You start resting.
Your transformation is almost over.
You start resting.
A kobold comes into view.
Found a scroll labeled YTWUOPLITEO.
The kobold hits you but does no damage.
You tentacle-slap the kobold. Your grab misses the kobold.
Your tentacle spike misses the kobold.
The kobold is moderately wounded.
The kobold barely misses you.
You barely miss the kobold. You grab the kobold. You squeeze the kobold.
You kill the kobold!
Things that are here:
a short sword; a kobold corpse Magic restored.
Your tentacle spike disappears.
j - 3 scrolls labeled WOLEXU SUICA {!r} You now have 33 gold pieces (gained 6).
e - 2 scrolls labeled YTWUOPLITEO {!r} (gained 1)
j - 4 scrolls labeled WOLEXU SUICA {!r} (gained 1)
Found a dagger.
Found 5 large rocks.
A kobold comes into view. It is wielding a short sword.
Casting: Beastly Appendage
Confirm with . or Enter, or press ? or * to list all spells.
One of your tentacles grows a vicious spike.
The kobold shouts!
You hear a shout!
The kobold throws a stone.
The stone closely misses you.
The kobold throws a stone.
The stone hits you.
A goblin comes into view. It is wielding a club.
Things that are here:
a stone; 5 large rocks {=f}; Damage: -7%(-1hp) hp: 93%(12hp)
Your transformation is almost over.
The kobold hits you with a short sword.
* * * LOW HITPOINT WARNING * * *
Huge Dmg: -31%(-4hp) hp: 62%(8hp)
You closely miss the kobold.
The goblin shouts!
Your grab misses the kobold.
You pierce the kobold, but do no damage.
You tentacle-slap the kobold.
You kill the kobold!
You hear a shout!
Unknown command.
Things that are here:
a short sword; a kobold corpse You barely miss the goblin.
Your grab misses the goblin. The goblin hits you with a club.
* * * LOW HITPOINT WARNING * * *
Huge Dmg: -38%(-5hp) hp: 24%(3hp)
You tentacle-slap the goblin. Your grab misses the goblin.
Your tentacle spike misses the goblin.
The goblin is severely wounded.
The goblin hits you but does no damage.
You barely miss the goblin. Your grab misses the goblin.
You pierce the goblin, but do no damage.
The goblin is severely wounded.
The goblin hits you with a club.
You die...

Vault maps used:
D:1:      minmay_arrival_floating_metal

Notes
Turn   | Place    | Note
-------+----------+-------------------------------------------
     0 | D:1      | hairmachine the Octopode Transmuter began the quest for the Orb.
     0 | D:1      | Reached XP level 1. HP: 13/13 MP: 3/3
   177 | D:1      | Slain by a goblin

Vanquished Creatures
  3 kobolds (D:1)
  A frilled lizard (D:1)
4 creatures vanquished.

Action                   || total
-------------------------++-------
Melee: Unarmed           ||     9
       Constrict         ||     2
       Kick              ||     2
       Tentacles         ||     2
       Punch             ||     1
 Cast: Beastly Appendage ||     3
Armor: Skin              ||     2
Dodge: Dodged            ||     3
